 Dungeon Crawl Stone Soup version 0.32-a0-571-gec57dfcd37 (webtiles) character file.

Game seed: 15069351293944090226

462 CougarLife the Digger (level 7, 0/36 HPs)
             Began as a Gargoyle Earth Elementalist on Mar 1, 2024.
             Killed by nerve-wracking pain
             ... invoked by an orc priest
              (2 damage)
             ... on level 5 of the Dungeon.
             The game lasted 00:04:54 (4364 turns).

CougarLife the Digger (Gargoyle Earth Elementalist) Turns: 4364, Time: 00:04:55

Health: 0/36       AC:  8    Str: 11    XL:     7   Next: 7%
Magic:  11/13      EV: 11    Int: 18    God:
Gold:   247        SH:  0    Dex: 10    Spells: 10/14 levels left

rFire   . . .        w - +3 dagger
rCold   . . .        (no shield)
rNeg    + . .        a - +0 robe
rPois   ∞            n - +0 helmet
rElec   +            r - +0 cloak
rCorr   .            (no gloves)
SInv    .            (no boots)
Will    .....        o - amulet of magic regeneration
Stlth   ++           (no ring)
HPRegen 0.26/turn    (no ring)
MPRegen 0.53/turn

%: no passive effects
@: no status effects
A: sickness immunity, AC +4, negative energy resistance 1, electricity
resistance, torment resistance 1, petrification resistance
a: Convert to Beogh


You were on level 5 of the Dungeon.
You visited 1 branch of the dungeon, and saw 5 of its levels.

You collected 247 gold pieces.

Inventory:

Hand Weapons
 w - a +3 dagger (weapon)
Missiles
 u - a throwing net
Armour
 a - a +0 robe (worn)
 n - a +0 helmet (worn)
 r - a +0 cloak (worn)
Jewellery
 o - an amulet of magic regeneration (around neck)
 q - a +6 ring of dexterity
Wands
 m - a wand of flame (8)
Scrolls
 d - a scroll of amnesia {unknown}
 e - 9 scrolls of identify {unknown}
 f - 3 scrolls of blinking {unknown}
 g - a scroll of enchant armour {unknown}
 i - a scroll of immolation {unknown}
 p - 3 scrolls of revelation {unknown}
 t - a scroll of teleportation {unknown}
 v - a scroll of vulnerability {unknown}
Potions
 b - a potion of magic
 c - a potion of attraction {unknown}
 h - a potion of berserk rage {unknown}
 j - a potion of heal wounds {unknown}
 k - 2 potions of mutation {unknown}
 l - 2 potions of degeneration {unknown}
 s - a potion of curing {unknown}


   Skills:
 - Level 1.5 Dodging
 - Level 2.1 Stealth
 + Level 4.2 Spellcasting
 + Level 4.4 Conjurations
 + Level 6.1 Earth Magic


You had 10 spell levels left.
You knew the following spells:

 Your Spells              Type           Power      Damage    Failure   Level
a - Sandblast             Erth           50%        2d12      1%          1
b - Stone Arrow           Conj/Erth      44%        3d9       4%          3

Your spell library contained the following spells:

 Spells                   Type           Power      Damage    Failure   Level
 Passwall                 Erth           25%        N/A       3%          3
 Brom's Barrelling Bould  Conj/Erth      22%        2d4       16%         4
 Call Imp                 Summ           6%         N/A       22%         2
 Petrify                  Alch/Erth      14%        N/A       38%         4
 Summon Hydra             Summ           1%         N/A       100%        7
 Sublimation of Blood     Necr           Unusable   N/A       N/A         2

Dungeon Overview and Level Annotations

Branches:
Dungeon (5/15)             Temple (0/1) D:4

Altars:

Annotations:
D:3 3 runed translucent doors, Scrunko's ghost, amateur DjFE


Innate Abilities, Weirdness & Mutations

You are immune to sickness and miasma.
Your stone body is resilient. (AC +4)
You are immune to poison.
You resist negative energy. (rN+)
You are resistant to electric shocks. (rElec)
You are resistant to unholy torment.
You are immune to petrification.


Message History

The orc priest begins to cast a cantrip, but forgets the words!
The orc priest shouts, "The Pantheon deserves no one's loyalty.
Let us show you the true path!" (press Y on the ability menu to convert to Beogh) Unknown command.
Casting: Sandblast (safe; 1% risk of failure)
Confirm with . or Enter, or press ? or * to list all spells.
Aiming: Sandblast (safe; 1% risk of failure)
Press: ? - help, Shift-Dir - straight line, f/p - orc
Aim: an orc, wielding a +0 whip and wearing a +0 ring mail (moderately wounded, 85% to hit)
The blast of sand hits the orc!
You kill the orc!
The orc priest closely misses you. The orc closely misses you.
Casting: Sandblast (safe; 1% risk of failure)
Confirm with . or Enter, or press ? or * to list all spells.
Aiming: Sandblast (safe; 1% risk of failure)
Press: ? - help, Shift-Dir - straight line, f - orc priest
Aim: an orc priest, wielding a +0 mace and wearing a +0 leather armour (83% to hit)
The blast of sand hits the orc priest.
The orc priest is lightly wounded.
The orc closely misses you.
The orc priest mumbles some strange prayers to Beogh against you.
Beogh smites you!
* * * LOW HITPOINT WARNING * * *
The orc barely misses you.
The orc priest mumbles some strange prayers to Beogh against you.
Pain shoots through your body!
* * * LOW HITPOINT WARNING * * *
Casting: Sandblast (safe; 1% risk of failure)
Confirm with . or Enter, or press ? or * to list all spells.
Aiming: Sandblast (safe; 1% risk of failure)
Press: ? - help, Shift-Dir - straight line, f/p - orc priest
Aim: an orc priest, wielding a +0 mace and wearing a +0 leather armour (lightly wounded, 83% to hit)
The blast of sand hits the orc priest.
The orc priest is moderately wounded.
The orc priest shouts, "The Pantheon deserves no one's loyalty.
Let us show you the true path!"
The orc priest shouts, "Surrender to Beogh and we'll let you live!"
The orc hits you but does no damage.
The orc priest calls down the wrath of Beogh upon you.
Pain shoots through your body!
You die...

### ##.## ##.#.##
######
##.###.######.@).#
#.## ##.......#oo..#
##.###.########.......
##.#.## ....... ##.##
.###### #.# .# #.# .#
#####.# .# #.....#


You could see an orc priest and an orc.

Vanquished Creatures
  Sigmund (D:2)
  A phantom (D:4)
  A bombardier beetle (D:3)
  A hound (D:5)
  A mummy (D:4)
  Robin (D:3)
  4 adders
  2 dart slugs
  2 ribbon worms (D:2)
  3 orcs
  8 ball pythons
  4 bats
  2 endoplasms (D:1)
  3 giant cockroaches
  18 goblins
  7 hobgoblins
  10 jackals
  2 quokkas
  A frilled lizard (D:3)
  7 kobolds
  4 rats
83 creatures vanquished.

Notes
Turn   | Place    | Note
-------+----------+-------------------------------------------
     0 | D:1      | CougarLife the Gargoyle Earth Elementalist began the quest
                  | for the Orb.
     0 | D:1      | Reached XP level 1. HP: 10/10 MP: 3/3
   231 | D:1      | You fall into a shaft and drop 1 floor!
   451 | D:1      | Reached XP level 2. HP: 15/15 MP: 3/5
   593 | D:1      | Reached skill level 4 in Earth Magic
  1062 | D:1      | Reached XP level 3. HP: 11/19 MP: 1/6
  1203 | D:2      | Noticed Sigmund
  1208 | D:2      | Killed Sigmund
  1209 | D:2      | Reached skill level 5 in Earth Magic
  1209 | D:2      | Reached XP level 4. HP: 13/24 MP: 1/9
  1209 | D:2      | Reached XP level 5. HP: 15/28 MP: 1/10
  1420 | D:2      | Found a faded altar of an unknown god.
  2089 | D:3      | Found a runed translucent gate.
  2091 | D:3      | Found a runed translucent gate.
  2092 | D:3      | Found a runed translucent gate.
  2333 | D:3      | Noticed Robin
  2335 | D:3      | Reached XP level 6. HP: 32/32 MP: 8/11
  2351 | D:3      | Killed Robin
  2462 | D:3      | Learned a level 3 spell: Stone Arrow
  2799 | D:3      | Noticed Scrunko's ghost (amateur DjFE)
  2809 | D:3      | Found the +7 staff of the Meek {protect, meekguard}
  3133 | D:4      | Found a staircase to the Ecumenical Temple.
  3924 | D:4      | Reached skill level 6 in Earth Magic
  4316 | D:5      | Entered Level 5 of the Dungeon
  4326 | D:5      | Reached XP level 7. HP: 36/36 MP: 13/13
  4363 | D:5      | HP: 1/36 [orc priest/nerve-wracking pain (5)]
  4364 | D:5      | Killed from afar by an orc priest

Illustrated notes

Levels and vault maps discovered:
D:1:      evilmike_arrival_come_back, layout_basic
D:2:      layout_loops_corners, chequers_ecumenical_altar_simple_redux,
          dreamdust_princess_bridge, uniq_sigmund
D:3:      kennysheep_goblin_castle, layout_basic, ebering_ghost_rock_garden,
          minmay_unequal
D:4:      layout_layer_cave, minmay_temple_entry_from_below_a,
          gup_ossuary_entry_pyramid
D:5:      layout_loops_ring, mainiacjoe_overflow_small_starburst

Skill      XL: |  1  2  3  4  5  6 |
---------------+-------------------+-----
Earth Magic    | 4 5 6 |  6.1
Conjurations   | 2 3 4 |  4.4
Spellcasting   | 3 4 |  4.2
Dodging        | |  1.5
Stealth        | |  2.1

Action                     |  1- 3 |  4- 6 |  7- 9 || total
---------------------------+-------+-------+-------++-------
  Melee: Unarmed           |    38 |       |       ||    38
         Dagger            |       |    17 |       ||    17
   Cast: Sandblast         |    35 |    79 |     8 ||   122
 Armour: Robe              |    26 |    62 |     7 ||    95
  Dodge: Dodged            |    44 |    53 |    10 ||   107

Table legend: (Time is in decaauts)
 A = Elapsed time spent in this place.
 B = Non-inter-level travel time spent in this place.
 C = Inter-level travel time spent in this place.
 D = Time resting spent in this place.
 E = Time spent auto-exploring this place.
 F = Levels seen in this place.
 G = Mean time per level.
                   A        B        C        D        E       F      G
               +--------+--------+--------+--------+--------+-----+--------+
         Total |   4423 |   4083 |    340 |    341 |   3061 |   5 |  884.6 |
       Dungeon |   4423 |   4083 |    340 |    341 |   3061 |   5 |  884.6 |
               +--------+--------+--------+--------+--------+-----+--------+

Top non-repeatable levels by time:
     D:4: 1201 daAuts
     D:2: 1096 daAuts
     D:3: 1072 daAuts
     D:1: 1001 daAuts
     D:5: 51 daAuts
